 Dungeon Crawl Stone Soup version 0.29.1-13-g9f3cf754e1 (webtiles) character file.

Game seed: 488982998354333497

58 HospitalGownGirl the Sneak (level 4, -2/33 HPs)
             Began as a Human Brigand on Feb 6, 2023.
             Slain by an orc
             ... wielding a +0 flail
              (3 damage)
             ... on level 3 of the Dungeon.
             The game lasted 00:06:42 (1915 turns).

HospitalGownGirl the Sneak (Human Brigand)          Turns: 1915, Time: 00:06:43

Health: -2/33      AC:  4    Str: 11    XL:     4   Next: 21%
Magic:  1/5        EV: 12    Int: 14    God:
Gold:   121        SH:  0    Dex: 14    Spells: 3/4 levels left

rFire   . . .      SeeInvis .   a - +2 dagger
rCold   . . .      Faith    .   (no shield)
rNeg    . . .      Spirit   .   b - +1 robe
rPois   +          Reflect  .   (no helmet)
rElec   .          Harm     .   c - +0 cloak
rCorr   .          Rampage  .   (no gloves)
Will    .....                   (no boots)
Stlth   +++.......              (no amulet)
HPRegen 0.11/turn               f - ring of poison resistance
MPRegen 0.09/turn               (no ring)

@: flying
A: no striking features
a: no special abilities


You were on level 3 of the Dungeon.
You visited 1 branch of the dungeon, and saw 4 of its levels.

You collected 121 gold pieces.

Inventory:

Hand Weapons
 a - a +2 dagger (weapon)
Missiles
 d - 4 poisoned darts (quivered)
 e - 2 curare-tipped darts
Armour
 b - a +1 robe (worn)
 c - a +0 cloak (worn)
Jewellery
 f - a ring of poison resistance (left hand)
Scrolls
 g - a scroll of noise
Potions
 j - a potion of mutation {unknown}


   Skills:
 * Level 2.1 Fighting
 * Level 2.2 Short Blades
 * Level 2.1 Throwing
 * Level 1.1 Armour
 * Level 1.3 Dodging
 * Level 4.6 Stealth
 * Level 0.8 Spellcasting
 * Level 0.2 Conjurations
 * Level 0.2 Fire Magic


You had 3 spell levels left.
You knew the following spells:

 Your Spells              Type           Power      Damage    Failure   Level
a - Foxfire               Conj/Fire      4%         2x1d4     24%         1

Your spell library contained the following spells:

 Spells                   Type           Power      Damage    Failure   Level
 Conjure Flame            Conj/Fire      1%         6-21      58%         3
 Inner Flame              Hex/Fire       0%         N/A       58%         3
 Flame Wave               Conj/Fire      1%         2d4       94%         4


Dungeon Overview and Level Annotations

Branches:
Dungeon (4/15)
 Temple: D:4-7

Altars:


Message History

The endoplasm freezes you.
You are frozen.
Casting: Foxfire (safe; 24% risk of failure)
Confirm with . or Enter, or press ? or * to list all spells.
You conjure some foxfire!
The orc hits you with a +0 flail. The endoplasm freezes you.
You are frozen.
The orc closely misses you.
Your foxfire dissipates!
The foxfire hits the endoplasm.
The endoplasm is lightly wounded.
The endoplasm freezes you.
You are frozen.
It was a potion of curing.
You feel better. The orc hits you but does no damage.
The endoplasm freezes you.
You are frozen.
Okay, then.
The orc attacks as you move away! The orc closely misses you.
The endoplasm freezes you.
You are frozen.
Your magical contamination has completely faded away.
The orc attacks as you move away! The orc barely misses you.
The orc hits you with a +0 club. The endoplasm barely misses you.
The orc attacks as you move away! The orc completely misses you.
The endoplasm attacks as you move away! The endoplasm closely misses you.
There is an escape hatch in the ceiling here.
The orc barely misses you. The orc hits you with a +0 flail!
A mysterious force pulls you upwards. The hatch slams shut behind you.
The orc closely misses you. The orc attacks as you move away!
The orc hits you with a +0 flail.
* * * LOW HITPOINT WARNING * * *
The orc hits you with a +0 club.
* * * LOW HITPOINT WARNING * * *
The orc attacks as you move away! The orc hits you with a +0 club.
* * * LOW HITPOINT WARNING * * *
The orc closely misses you.
It was a potion of flight.
You feel very buoyant.
You fly up into the air.
The orc hits you with a +0 flail.
You die...

.##......###.........###.....###.
.###.......+.........'...........
.###.....# #.......[.###.....###.
)........# ##.......## #.#.#.# #.
####.##### ##.....## #)........
#.# ##...## #####.#### #.# ##'##
#.# #.# #.# #.# #.#
######@####### #.# #.#
#....oo....... #.# #.###....####.
#.# #.#......####. #.#
#.#...........
#.######.#.......###.
#................#
########.#......####.#
#.######......#


You could see 2 orcs.

Vanquished Creatures
  Terence (D:3)
  A worm (D:2)
  A dart slug (D:3)
  4 ball pythons
  2 bats
  2 endoplasms
  2 giant cockroaches
  A goblin (D:4)
  3 hobgoblins
  5 kobolds
  A quokka (D:3)
  A frilled lizard (D:1)
  3 rats
27 creatures vanquished.

Vanquished Creatures (others)
  8 foxfires
8 creatures vanquished.

Grand Total: 35 creatures vanquished

Notes
Turn   | Place    | Note
-------+----------+-------------------------------------------
     0 | D:1      | HospitalGownGirl the Human Brigand began the quest for the
                  | Orb.
     0 | D:1      | Reached XP level 1. HP: 16/16 MP: 1/1
   416 | D:1      | Reached XP level 2. HP: 22/22 MP: 2/2
  1185 | D:2      | Reached XP level 3. HP: 22/27 MP: 3/3
  1424 | D:3      | Learned a level 1 spell: Foxfire
  1684 | D:3      | Noticed Terence
  1702 | D:3      | Killed Terence
  1703 | D:3      | Reached skill level 1 in Armour
  1703 | D:3      | Reached XP level 4. HP: 33/33 MP: 5/5
  1914 | D:3      | HP: 1/33 [orc/+0 club (2)]
  1915 | D:3      | Slain by an orc

Illustrated notes

Levels and vault maps discovered:
D:1:      tarquinn_simple_flora_water_d, layout_loops_ring
D:2:      layout_basic, serial_co_window_serial, co_window_paths_b,
          co_window_corner_a, co_window_of_opportunity_a, co_window_paths_b,
          co_window_paths_a, co_window_unsneaky_path_a, co_window_2corner,
          co_window_corner_b, co_window_corner_cb, glass_columns_a,
          glass_columns_a, glass_columns_b, minmay_pentomino_w2
D:3:      layout_loops_corners, gammafunk_temple_overflow_elements,
          nicolae_underground_beach, uniq_terence
D:4:      layout_basic, nicolae_ossuary_entry_plus, uniq_edmund, uniq_sigmund

Skill      XL: |  1  2  3 |
---------------+----------+-----
Armour         | 1 |  1.1
Fighting       | |  2.1
Short Blades   | |  2.2
Throwing       | |  2.1
Dodging        | |  1.3
Stealth        | |  4.6
Spellcasting   | |  0.8
Conjurations   | |  0.2
Fire Magic     | |  0.2

Action                   |  1- 3 |  4- 6 || total
-------------------------+-------+-------++-------
Melee: Dagger            |    60 |     6 ||    66
Throw: Dart              |    21 |     2 ||    23
 Cast: Foxfire           |     2 |     5 ||     7
  Use: Scroll            |     1 |     2 ||     3
       Potion            |       |     2 ||     2
 Stab: Sleeping          |     5 |     2 ||     7
Armor: Robe              |    16 |     3 ||    19
Dodge: Dodged            |    22 |    19 ||    41
